Map: Ruins of Seras

Players

Neeb - Winner!

  • Race: Protoss Protoss
  • League: Grandmaster

iaguz

  • Race: Terran Terran

Event: Team Gravity's Fight Night #39

VOD

Have the link to the VOD?

Description

Time

  • Played on: Nov. 20, 2015, 6:57 p.m.
  • Length: 11:41

All games in this series

Show
View Real Time Build Order
Export as new Build Order

Neeb Protoss - Winner!

Build Orders: 1 Gate Expand 

Get SALT Encoding   

  12  0:01  Probe (Chrono Boost)  
  13  0:12  Probe (Chrono Boost)  
  14  0:20  Pylon  
  14  0:23  Probe (Chrono Boost)  
  15  0:38  Probe (Chrono Boost)  
  15  0:42  Gateway  
  16  0:49  Probe (Chrono Boost)  
  17  0:59  Probe (Chrono Boost)  
  18  1:10  Probe (Chrono Boost)  
  19  1:17  Nexus  
  19  1:22  Probe (Chrono Boost)  
  20  1:32  Cybernetics Core  
  20  1:35  Probe (Chrono Boost)  
  21  1:40  Assimilator  
  21  1:44  Assimilator  
  21  1:49  Probe (Chrono Boost)  
  22  1:56  Pylon  
  22  1:59  Probe (Chrono Boost)  
  23  2:14  Probe (Chrono Boost), Adept (Chrono Boost)  
  26  2:20  Warp Gate  
  26  2:26  Probe  
  26  2:29  Probe (Chrono Boost)  
  28  2:38  Probe (Chrono Boost), Adept (Chrono Boost)  
  28  2:41  Probe (Chrono Boost)  
  32  2:50  Mothership Core (Chrono Boost), Pylon  
  35  2:51  Probe (Chrono Boost)  
  35  3:02  Probe (Chrono Boost)  
  36  3:08  Probe (Chrono Boost)  
  36  3:12  Probe (Chrono Boost), Robotics Facility  
  38  3:18  Probe (Chrono Boost), Assimilator  
  39  3:22  Assimilator  
  39  3:23  Probe (Chrono Boost)  
  40  3:29  Probe (Chrono Boost)  
  40  3:33  Probe (Chrono Boost)  
  42  3:37  Pylon  
  42  3:39  Probe (Chrono Boost)  
  43  3:44  Probe (Chrono Boost)  
  44  3:50  Probe (Chrono Boost)  
  44  3:54  Probe (Chrono Boost)  
  46  3:59  Observer  
  46  4:00  Probe (Chrono Boost), Pylon  
  48  4:05  Probe (Chrono Boost)  
  48  4:07  Twilight Council  
  48  4:08  Forge  
  49  4:11  Probe (Chrono Boost)  
  49  4:15  Probe (Chrono Boost)  
  51  4:21  Gateway, Probe (Chrono Boost)  
  51  4:23  Gateway  
  53  4:24  Probe, Observer (Chrono Boost)  
  53  4:30  Sentry  
  56  4:33  Probe  
  56  4:35  Probe  
  58  4:42  Observer (Chrono Boost), Protoss Ground Armor Level 1  
  58  4:43  Blink (Chrono Boost)  
  58  4:44  Pylon  
  58  4:45  Probe  
  60  4:47  Probe  
  61  4:54  Pylon  
  61  4:57  Probe  
  61  4:59  Probe  
  63  5:01  Observer  
  63  5:07  Robotics Bay  
  64  5:08  Stalker  
  66  5:19  Gateway  
  66  5:22  Gateway x2, Observer  
  66  5:25  Pylon x2  
  67  5:34  Stalker x3  
  73  5:38  Warp Prism  
  73  5:40  Pylon  
  75  5:56  Probe x2  
  76  5:58  Stalker x2  
  76  5:59  Stalker  
  82  6:09  Disruptor  
  85  6:21  Nexus  
  85  6:23  Pylon  
  85  6:24  Pylon  
  85  6:30  Stalker x2  
  85  6:31  Stalker x2  
  93  6:33  Probe  
  93  6:37  Probe  
  93  6:38  Resonating Glaives (Chrono Boost)  
  95  6:41  Pylon  
  95  6:43  Protoss Ground Weapons Level 1  
  95  6:46  Disruptor  
  98  6:55  Probe  
  98  6:59  Adept x4  
  107  7:08  Probe  
  106  7:14  Adept x2  
  109  7:15  Probe  
  109  7:17  Disruptor  
  109  7:20  Probe, Forge  
  113  7:27  Probe  
  114  7:32  Probe, Pylon  
  114  7:34  Adept x3  
  114  7:37  Adept  
  123  7:38  Probe  
  123  7:39  Probe  
  125  7:48  Pylon  
  125  7:52  Adept x2  
  125  7:56  Disruptor  
  125  7:57  Adept x4  
  137  8:04  Assimilator  
  138  8:05  Assimilator  
  130  8:16  Stalker x2  
  118  8:25  Protoss Ground Armor Level 2  
  114  8:27  Disruptor  
  101  8:34  Stalker x3  
  101  8:41  Probe  
  101  8:42  Probe  
  99  8:52  Zealot  
  99  8:53  Zealot  
  99  8:54  Zealot  
  105  8:58  Disruptor  
  108  9:16  Nexus  
  108  9:21  Pylon  
  104  9:27  Stalker x3  
  104  9:28  Stalker x3  
  116  9:32  Probe x2  
  116  9:36  Disruptor  
  118  9:38  Pylon  
  121  9:51  Mothership Core  
  120  9:59  Adept x3  
  111  10:01  Probe  
  103  10:12  Probe  
  105  10:14  Probe  
  101  10:24  Probe  
  102  10:28  Pylon  
  102  10:36  Disruptor  
  105  10:44  Probe  
  105  10:46  Probe x2  
  108  10:51  Stalker x2  
  108  10:55  Probe  
  113  10:58  Probe  
  113  10:59  Probe  
  115  11:05  Probe  
Show
View Real Time Build Order
Export as new Build Order

iaguz Terran 

Build Orders: Command Center First (CC), MMM Bio 

Get SALT Encoding   

  12  0:01  SCV  
  13  0:13  SCV  
  14  0:18  Supply Depot  
  14  0:25  SCV  
  15  0:39  SCV  
  16  0:52  SCV  
  17  1:01  Command Center  
  17  1:04  SCV  
  18  1:14  Barracks  
  19  1:18  SCV  
  19  1:30  SCV  
  20  1:33  Barracks  
  20  1:42  SCV  
  20  1:46  Barracks  
  21  1:54  SCV  
  22  2:03  Marine  
  22  2:07  Orbital Command  
  23  2:14  Orbital Command  
  23  2:20  Marine  
  23  2:21  Orbital Command, Marine  
  25  2:31  Refinery x2  
  25  2:33  SCV  
  25  2:34  Marine  
  27  2:42  Supply Depot  
  27  2:47  SCV x2  
  27  2:49  Marine x2  
  31  2:54  Marine  
  32  2:59  SCV x2  
  33  3:11  SCV  
  36  3:14  SCV  
  36  3:15  Barracks Tech Lab  
  36  3:19  Barracks Reactor  
  35  3:23  SCV  
  35  3:26  SCV, Marine  
  38  3:32  Refinery  
  38  3:34  Marine  
  38  3:35  SCV, Bunker  
  38  3:38  SCV, Stimpack  
  41  3:44  Supply Depot  
  41  3:45  Supply Depot  
  41  3:48  SCV, Engineering Bay  
  42  3:50  Barracks Tech Lab  
  42  3:51  SCV  
  42  3:57  Marine x2  
  42  3:58  Marauder  
  46  4:05  SCV x2  
  46  4:07  Factory  
  48  4:17  SCV, Missile Turret  
  48  4:18  Marauder, Marine x2  
  48  4:22  Marauder  
  55  4:25  Supply Depot  
  55  4:26  SCV  
  55  4:29  Terran Infantry Weapons Level 1  
  56  4:32  SCV  
  56  4:38  SCV, Marine x2  
  59  4:41  Marauder  
  59  4:45  Combat Shields  
  62  4:47  SCV  
  62  4:49  Supply Depot  
  62  4:50  SCV  
  64  4:54  Factory Reactor, Starport  
  64  5:00  Refinery  
  64  5:01  Supply Depot  
  64  5:02  SCV  
  64  5:05  SCV  
  66  5:08  Marauder  
  66  5:11  Marauder  
  70  5:15  SCV  
  70  5:17  SCV  
  70  5:18  Supply Depot  
  72  5:22  Marine x2  
  74  5:31  Barracks  
  74  5:32  Barracks  
  74  5:33  Marauder  
  76  5:40  Marauder  
  76  5:42  Medivac  
  80  5:43  Medivac  
  80  5:44  Supply Depot  
  82  5:57  Liberator, Marauder, Marine x2  
  84  5:58  SCV, Liberator  
  84  6:00  Supply Depot  
  84  6:01  Marauder  
  90  6:05  Concussive Shells  
  90  6:10  Supply Depot  
  95  6:21  Barracks Tech Lab  
  95  6:25  Barracks Reactor  
  94  6:26  Terran Infantry Armor Level 1  
  94  6:28  Command Center  
  94  6:33  SCV x2  
  94  6:34  Supply Depot  
  94  6:37  Marauder  
  98  6:41  Marauder  
  98  6:42  Liberator x2  
  98  6:45  Marauder, Marine  
  98  6:46  Marine  
  104  6:48  SCV  
  105  7:00  Widow Mine  
  113  7:10  Marauder x2, Marine x2  
  113  7:15  Marauder, Marine  
  105  7:16  SCV  
  106  7:22  Supply Depot  
  106  7:30  Marine x2  
  106  7:31  Marauder  
  106  7:33  Marine, Marauder  
  106  7:35  SCV x2  
  115  7:39  Marine  
  115  7:40  Marauder  
  118  7:46  Medivac  
  118  7:47  SCV x2  
  118  7:48  Marine  
  123  7:53  Supply Depot, Marine  
  123  7:56  Marine  
  122  7:59  SCV, Marine  
  122  8:00  SCV  
  89  8:17  Marine x3, Marauder  
  89  8:18  Marauder x2  
  89  8:24  SCV x2  
  80  8:35  Marine x2  
  80  8:38  Marauder  
  80  8:39  Marauder, Marine  
  83  8:45  Liberator  
  78  8:50  SCV x2  
  78  8:51  Orbital Command  
  78  9:02  SCV  
  78  9:06  SCV  
  79  9:15  SCV  
  77  9:25  SCV x2  
  77  9:27  SCV  
  77  9:30  Liberator  
  75  9:47  Liberator  
  75  9:51  SCV x3  
  76  10:12  Marine x2  
  76  10:13  Marauder x3, Marine  
  82  10:18  Widow Mine  
  82  10:19  SCV, Marine  
  82  10:20  SCV x2  
  80  10:36  Marauder x2, Marine  
  80  10:42  Marauder, Marine x2  
  75  10:43  SCV x3  
  78  10:50  Widow Mine  
  78  10:56  SCV  
  78  10:57  SCV x2, Marauder x2  
  85  11:03  Starport  
  86  11:07  Barracks Reactor  
  86  11:08  SCV  
  86  11:09  SCV x2  
  85  11:14  Marauder, Marine  
  87  11:19  Marauder  
  87  11:21  SCV x3  
  87  11:23  Marine  

Tags
 
Add a new tag
Caveats
  • Supply blocks, unpowered buildings, or Contaminate may cause inaccurate times.
  • Supply counts are checked every 10 seconds.